 Dungeon Crawl Stone Soup version 0.31-a0-167-g1c394c0614 (webtiles) character file.

Game seed: 3977979441659425438

2472 qw the Cleaver (level 9, -11/55 HPs)
             Began as a Gargoyle Fighter on June 14, 2023.
             Mangled by a cyclops (25 damage)
             ... on level 6 of the Dungeon.
             The game lasted 00:03:05 (5325 turns).

qw the Cleaver (Gargoyle Fighter)                   Turns: 5325, Time: 00:03:06

Health: -11/55     AC: 18    Str: 24    XL:     9   Next: 51%
Magic:  9/9        EV:  8    Int:  9    God:
Gold:   399        SH:  9    Dex:  9    Spells: 8/8 levels left

rFire   . . .        Y - +1 war axe
rCold   . . .        f - +0 kite shield
rNeg    + . .        n - +0 chain mail
rPois   inf          s - +2 helmet
rElec   +            (no cloak)
rCorr   .            (no gloves)
SInv    .            (no boots)
Will    .....        (no amulet) Stlth
                     (no ring)
HPRegen 0.29/turn    (no ring)
MPRegen 0.11/turn

%: no passive effects
@: no status effects
A: sickness immunity, AC +6, negative energy resistance 1, electricity
resistance, torment resistance 1, petrification resistance
a: no special abilities


You were on level 6 of the Dungeon.
You visited 1 branch of the dungeon, and saw 7 of its levels.
You also visited: Sewer.

You collected 399 gold pieces.


Innate Abilities, Weirdness & Mutations

You are immune to sickness and miasma.
Your stone body is resilient. (AC +6)
You are immune to poison.
You resist negative energy. (rN+)
You are resistant to electric shocks. (rElec)
You are resistant to unholy torment.
You are immune to petrification.


   Skills:
 - Level 6.0 Fighting
 + Level 8.3 Axes
 - Level 2.0 Throwing
 - Level 3.2 Armour
 - Level 1.5 Dodging
 - Level 8.1 Shields


You had 8 spell levels left.
You didn't know any spells.
Your spell library was empty.

Inventory:

Hand Weapons
 e - a +0 flail
 Y - a +1 war axe (weapon)
Armour
 f - a +0 kite shield (worn)
 n - a +0 chain mail (worn)
 s - a +2 helmet (worn)
Scrolls
 a - a scroll of identify
Potions
 b - 2 potions of curing
 c - a potion of resistance
 d - a potion of might
 g - a potion of cancellation
 h - a potion of attraction
 i - 3 potions of magic
 j - a potion of heal wounds {unknown}
 m - a potion of degeneration {unknown}
 r - a potion of mutation {unknown}

Dungeon Overview and Level Annotations

Branches:
Dungeon (7/15)              Sewer (visited)
 Temple: D:4-7

Altars:
Ashenzari
Cheibriados
Elyvilon
Xom

Shops:
D:1 (   D:4 :


Message History

You climb downwards.
The gnoll closely misses you.
The gnoll hits you but does no damage. x2
There is a stone staircase leading up here.
You slash the gnoll!
You kill the gnoll!
You slash the gnoll! The gnoll barely misses you.
The gnoll completely misses you.
You slash the gnoll!
You kill the gnoll!
You hit the gnoll but do no damage. The gnoll hits you but does no damage.
You hit the gnoll.
The gnoll is heavily wounded.
The gnoll hits you with a +0 whip.
You closely miss the gnoll.
The gnoll is heavily wounded.
You block the gnoll's attack.
You slash the gnoll!
You kill the gnoll!
You hit the cyclops but do no damage. The cyclops hits you!!
5319 ||| STAIRDANCE You block the gnoll's attack.
The cyclops hits you but does no damage.
You climb upwards.
There is a stone staircase leading down here.
You hit the cyclops but do no damage. The cyclops hits you!
You slash the cyclops!
The cyclops is lightly wounded.
You slash the cyclops!
The cyclops is moderately wounded.
You block the cyclops's attack.
You slash the cyclops!
The cyclops is heavily wounded.
The cyclops hits you!
You slash the cyclops!
The cyclops is almost dead.
The cyclops hits you!!
You die...

#...............
#..........#.###
#............###
##.#.###..##..##
######...####.......
#..........#####..).
#..........##....##.
#..[..........#####.
#.C@................
#...........)..#....
#............)))....
#............(......
#####............>.)
#.............))
#..............)
#####.......>.......
#...............##..


You could see a cyclops.

Vanquished Creatures
  Pikel (D:4)
  A water moccasin (D:5)
  An ice beast (D:6)
  2 black bears
  A sky beast (D:6)
  2 phantoms (D:6)
  A centaur (D:5)
  2 kobold brigands (Sewer)
  A gnoll sergeant (D:6)
  3 scorpions
  4 wights (D:6)
  A howler monkey (D:6)
  3 hounds
  A jelly (D:6)
  A gnoll bouda (D:6)
  Ijyb (D:4)
  5 iguanas
  A sleepcap (D:6)
  2 orc wizards (D:4)
  Robin (D:4)
  7 gnolls
  7 adders
  4 shadow imps
  A white imp (D:6)
  An ufetubus (D:5)
  5 worms
  A dart slug (D:4)
  7 orcs
  6 ball pythons
  4 endoplasms
  7 giant cockroaches
  11 goblins
  12 hobgoblins
  5 jackals (D:1)
  16 kobolds
  3 quokkas
  4 bats
  3 frilled lizards (D:1)
  6 rats
145 creatures vanquished.

Notes
Turn   | Place    | Note
-------+----------+-------------------------------------------
     0 | D:1      | qw the Gargoyle Fighter began the quest for the Orb.
     0 | D:1      | Reached XP level 1. HP: 14/14 MP: 1/1
     0 | D:1      | 0 ||| qw: Version: 0.2-a-29-g1fa15c8
     0 | D:1      | 0 ||| qw: Game counter: 4867
     0 | D:1      | 0 ||| qw: Always use a shield: true
     0 | D:1      | 0 ||| qw: God list: Okawaru
     0 | D:1      | 0 ||| qw: Allow faded altars: false
     0 | D:1      | 0 ||| qw: Do Orc after D:15 true
     0 | D:1      | 0 ||| qw: Do second Lair branch before Depths: true
     0 | D:1      | 0 ||| qw: Lair rune preference: random
     0 | D:1      | 0 ||| qw: Plans: Normal, Zot:1-4, Slime:5, God:TSO, Crypt,
                  | Tomb, Abyss, Pan, Hells, Win
     0 | D:1      | 0 ||| PLANNING D:1-11
    72 | D:1      | 72 ||| Stepping ~*~*~tactically~*~*~ (stealth).
    88 | D:1      | Reached XP level 2. HP: 16/19 MP: 2/2
   326 | D:1      | Reached skill level 3 in Axes
   350 | D:1      | Found Sael Cei's Weapon Shoppe.
   360 | D:1      | 360 ||| SHOPLISTING +0 mace (39 gold, have 28).
   360 | D:1      | 360 ||| SHOPLISTING +1 whip of flaming (149 gold, have 28).
   405 | D:1      | Reached XP level 3. HP: 23/23 MP: 3/3
   697 | D:1      | 697 ||| UPGRADING to +0 kite shield.
   707 | D:1      | 707 ||| DROPPING +0 buckler.
   708 | D:1      | 708 ||| READING scroll labelled PIMEIN MIMN.
   755 | D:2      | Found a shimmering altar of Xom.
   950 | D:2      | 950 ||| Stepping ~*~*~tactically~*~*~ (hiding).
   951 | D:2      | 951 ||| Stepping ~*~*~tactically~*~*~ (hiding).
  1269 | D:2      | 1269 ||| READING scroll labelled SEIXAKUSORA.
  1270 | D:2      | 1270 ||| READING scroll labelled ROTO KOPTE.
  1275 | D:2      | 1275 ||| READING scroll labelled JUCHIS TUEXUNT.
  1276 | D:2      | 1276 ||| READING 2 scrolls of identify.
  1276 | D:2      | 1276 ||| IDENTIFYING amethyst potion
  1703 | D:3      | 1703 ||| DRINKING 2 fizzy dark potions.
  1704 | D:3      | 1704 ||| DRINKING 3 ruby potions.
  1740 | D:4      | Reached XP level 4. HP: 27/28 MP: 4/4
  1764 | D:4      | Noticed a scorpion
  1769 | D:4      | Killed a scorpion
  1770 | D:4      | Reached XP level 5. HP: 22/32 MP: 5/5
  1934 | D:4      | Noticed Ijyb
  1967 | D:4      | Killed Ijyb
  2113 | D:4      | Identified the staff of fire "Ecoom" {rPois rF+ rC- Dex+4}
  2166 | D:4      | 2166 ||| Stepping ~*~*~tactically~*~*~ (hiding).
  2389 | D:4      | 2389 ||| DROPPING +0 club.
  2412 | D:4      | 2412 ||| Stepping ~*~*~tactically~*~*~ (stealth).
  2419 | D:4      | Noticed a lemure
  2419 | D:4      | Noticed a lemure
  2420 | D:4      | 2420 ||| Stepping ~*~*~tactically~*~*~ (stealth).
  2425 | D:4      | Noticed Pikel
  2425 | D:4      | Noticed a lemure
  2426 | D:4      | 2426 ||| Stepping ~*~*~tactically~*~*~ (hiding).
  2428 | D:4      | 2428 ||| Stepping ~*~*~tactically~*~*~ (hiding).
  2433 | D:4      | Noticed a lemure
  2459 | D:4      | Killed Pikel
  2460 | D:4      | Reached XP level 6. HP: 15/37 MP: 6/6
  2460 | D:4      | Reached XP level 7. HP: 17/41 MP: 7/7
  2460 | D:4      | 2460 ||| FLEEEEING.
  2461 | D:4      | 2461 ||| FLEEEEING.
  2462 | D:4      | 2462 ||| FLEEEEING.
  2464 | D:4      | 2464 ||| FLEEEEING.
  2465 | D:4      | 2465 ||| FLEEEEING.
  2466 | D:4      | 2466 ||| FLEEEEING.
  2467 | D:4      | 2467 ||| FLEEEEING.
  2468 | D:4      | 2468 ||| FLEEEEING.
  2469 | D:4      | 2469 ||| FLEEEEING.
  2470 | D:4      | 2470 ||| FLEEEEING.
  2471 | D:4      | 2471 ||| FLEEEEING.
  2472 | D:4      | 2472 ||| FLEEEEING.
  2473 | D:4      | 2473 ||| FLEEEEING.
  2474 | D:4      | 2474 ||| FLEEEEING.
  2475 | D:4      | 2475 ||| FLEEEEING.
  2476 | D:4      | 2476 ||| FLEEEEING.
  2477 | D:4      | 2477 ||| FLEEEEING.
  2478 | D:4      | 2478 ||| FLEEEEING.
  2479 | D:4      | 2479 ||| FLEEEEING.
  2480 | D:4      | 2480 ||| FLEEEEING.
  2481 | D:4      | 2481 ||| FLEEEEING.
  2482 | D:4      | 2482 ||| FLEEEEING.
  2483 | D:4      | 2483 ||| FLEEEEING.
  2484 | D:4      | 2484 ||| FLEEEEING.
  2485 | D:4      | 2485 ||| FLEEEEING.
  2486 | D:4      | 2486 ||| FLEEEEING.
  2487 | D:4      | 2487 ||| FLEEEEING.
  2488 | D:4      | 2488 ||| FLEEEEING.
  2489 | D:4      | 2489 ||| FLEEEEING.
  2490 | D:4      | 2490 ||| FLEEEEING.
  2491 | D:4      | 2491 ||| FLEEEEING.
  2492 | D:4      | 2492 ||| FLEEEEING.
  2725 | D:4      | Noticed Robin
  2733 | D:4      | Killed Robin
  2747 | D:4      | 2747 ||| DROPPING +0 whip of electrocution.
  2748 | D:4      | 2748 ||| DROPPING +1 whip of venom.
  2761 | D:4      | 2761 ||| Stepping ~*~*~tactically~*~*~ (stealth).
  2806 | D:4      | 2806 ||| FLEEEEING.
  2825 | D:4      | 2825 ||| DROPPING +0 mace.
  2847 | D:4      | Found Gogumen's Book Shoppe.
  3037 | D:4      | 3037 ||| UPGRADING to +2 helmet.
  3042 | D:4      | 3042 ||| READING scroll labelled UCESKUERES.
  3043 | D:4      | 3043 ||| READING scroll labelled FESCHAE WOETOCH.
  3068 | D:5      | Entered Level 5 of the Dungeon
  3069 | D:5      | 3069 ||| PLANNING SEWER
  3070 | D:5      | 3070 ||| Stepping ~*~*~tactically~*~*~ (stealth).
  3073 | D:5      | 3073 ||| Stepping ~*~*~tactically~*~*~ (stealth).
  3074 | D:5      | 3074 ||| Stepping ~*~*~tactically~*~*~ (stealth).
  3083 | D:5      | 3083 ||| Stepping ~*~*~tactically~*~*~ (stealth).
  3085 | D:5      | 3085 ||| Stepping ~*~*~tactically~*~*~ (stealth).
  3097 | D:5      | 3097 ||| Stepping ~*~*~tactically~*~*~ (hiding).
  3234 | D:5      | Found a glowing drain.
  3235 | D:5      | 3235 ||| UPGRADING to +0 chain mail.
  3245 | D:5      | 3245 ||| DROPPING +0 scale mail.
  3256 | D:5      | 3256 ||| Stepping ~*~*~tactically~*~*~ (water).
  3272 | Sewer    | Entered a sewer
  3273 | Sewer    | 3273 ||| Stepping ~*~*~tactically~*~*~ (hiding).
  3331 | Sewer    | 3331 ||| Stepping ~*~*~tactically~*~*~ (water).
  3341 | Sewer    | 3341 ||| Stepping ~*~*~tactically~*~*~ (stealth).
  3343 | Sewer    | 3343 ||| Stepping ~*~*~tactically~*~*~ (hiding).
  3497 | Sewer    | 3497 ||| Stepping ~*~*~tactically~*~*~ (stealth).
  3499 | Sewer    | 3499 ||| Stepping ~*~*~tactically~*~*~ (hiding).
  3574 | Sewer    | Reached XP level 8. HP: 44/48 MP: 8/8
  3685 | Sewer    | 3685 ||| DRINKING 2 fuming cyan potions.
  3686 | Sewer    | 3686 ||| DRINKING 2 emerald potions.
  3687 | Sewer    | 3687 ||| DRINKING 2 blue potions.
  3688 | Sewer    | 3688 ||| DRINKING 2 murky red potions.
  3689 | Sewer    | 3689 ||| READING 2 scrolls of identify.
  3689 | Sewer    | 3689 ||| IDENTIFYING fuming amethyst potion
  3690 | Sewer    | 3690 ||| DROPPING potion of enlightenment.
  3691 | Sewer    | 3691 ||| DROPPING potion of invisibility.
  3692 | Sewer    | 3692 ||| DROPPING potion of brilliance.
  3703 | D:5      | 3703 ||| PLANNING D:1-11
  3835 | D:5      | 3835 ||| Stepping ~*~*~tactically~*~*~ (stealth).
  3839 | D:5      | 3839 ||| Stepping ~*~*~tactically~*~*~ (stealth).
  3840 | D:5      | 3840 ||| Stepping ~*~*~tactically~*~*~ (stealth).
  3845 | D:5      | 3845 ||| Stepping ~*~*~tactically~*~*~ (stealth).
  3858 | D:5      | Found a snail-covered altar of Cheibriados.
  3992 | D:5      | Reached skill level 6 in Axes
  4054 | D:5      | Reached skill level 1 in Dodging
  4473 | D:6      | Found a white marble altar of Elyvilon.
  4536 | D:6      | Reached XP level 9. HP: 50/54 MP: 9/9
  4746 | D:6      | HP: 10/54 [gnoll sergeant/+0 heavy spear (6)]
  4747 | D:6      | 4747 ||| READING scroll of teleportation.
  4918 | D:6      | Found a broken altar of Ashenzari.
  4961 | D:6      | 4961 ||| Stepping ~*~*~tactically~*~*~ (hiding).
  4988 | D:6      | Reached skill level 6 in Fighting
  5247 | D:6      | 5247 ||| READING scroll labelled BOKHLI BEORAISIMIR.
  5257 | D:7      | Noticed a cyclops
  5264 | D:7      | 5264 ||| STAIRDANCE
  5319 | D:7      | 5319 ||| STAIRDANCE
  5324 | D:6      | HP: 13/55 [cyclops (12)]
  5325 | D:6      | Mangled by a cyclops

Levels and vault maps discovered:
D:1:      wander_arrival_abandoned_jail, layout_loops_ring, serial_shops,
          nicolae_shop_bloodbath_and_beyond, minmay_box_of_dots
D:2:      layout_loops_ring, basic_altar
D:3:      layout_rooms
D:4:      minmay_wonky_spiral, layout_loops_corners, serial_shops,
          nicolae_book_shop_shelving, uniq_robin, uniq_ijyb, uniq_pikel
D:5:      layout_basic, mainiacjoe_overflow_cross_hatched,
          cheibrodos_sewer_entry_drain, minmay_hedge_maze
D:6:      layout_rooms, evilmike_ruin_ashenzari, nicolae_overflow_crystal_walls,
          kennysheep_small_square
D:7:      layout_loops_ring, minmay_temple_entry_grid

Skill      XL: |  1  2  3  4  5  6  7  8  9 |
---------------+----------------------------+-----
Axes           | 2 3 4 5 7 8 |  8.3
Shields        | 4 8 |  8.1
Fighting       | 4 5 6 |  6.0
Dodging        | 1 |  1.5
Throwing       | 2 |  2.0
Armour         | |  3.2

Action                     |  1- 3 |  4- 6 |  7- 9 || total
---------------------------+-------+-------+-------++-------
  Melee: War axe           |   130 |    66 |   320 ||   516
  Throw: Boomerang         |       |       |    75 ||    75
    Use: Scroll            |     5 |       |     5 ||    10
         Potion            |     2 |       |     4 ||     6
 Armour: Scale mail        |    61 |    29 |    40 ||   130
         Chain mail        |       |       |   146 ||   146
  Dodge: Dodged            |    57 |    17 |   113 ||   187
  Block: Buckler           |    14 |       |       ||    14
         Kite shield       |    17 |    18 |   167 ||   202

Table legend:
 A = Non-vault XP
 B = Vault XP
 C = Vault XP percentage of total XP
 D = Non-vault monster count
 E = Vault monster count
 F = Vault count percentage of total count
                 A         B        C        D         E       F
            +---------+---------+-------+---------+---------+-------
      Total |    2444 |    1088 |  30.8 |     107 |      38 |  26.2
            +---------+---------+-------+---------+---------+-------
        D:1 |      40 |       3 |   7.0 |      25 |       2 |   7.4
        D:2 |      24 |       0 |   0.0 |       8 |       0 |   0.0
        D:3 |      13 |       0 |   0.0 |       8 |       0 |   0.0
        D:4 |     209 |     761 |  78.5 |      21 |      16 |  43.2
        D:5 |     737 |       7 |   0.9 |      17 |       2 |  10.5
        D:6 |    1377 |      81 |   5.6 |      25 |       2 |   7.4
        D:7 |      44 |       0 |   0.0 |       3 |       0 |   0.0
      Sewer |       0 |     236 | 100.0 |       0 |      16 | 100.0
            +---------+---------+-------+---------+---------+-------
